 Dungeon Crawl Stone Soup version 0.31-a0-1144-g99969ba (webtiles) character file.

Game seed: 15126983416038851991

642401 PurpleRed the Sorcerer (level 27, -2/161 HPs)
             Began as a Deep Elf Fire Elementalist on Dec 5, 2023.
             Was the Champion of Vehumet.
             Blown up by Mior the pandemonium lord (38 damage)
             ... with a bolt of energy
             ... on level 12 of a ziggurat on Dec 6, 2023.
             The game lasted 03:55:00 (54505 turns).

PurpleRed the Sorcerer (DEFE)                      Turns: 54505, Time: 03:55:00

Health: -2/161     AC: 12    Str: 10 (11) XL:     27
Magic:  44/62      EV: 21    Int: 47 (49) God:    Vehumet [******]
Gold:   6967       SH:  0    Dex: 17 (21) Spells: 12/74 levels left

rFire   + + .        u - staff of fire
rCold   + . .        t - orb {*channel}
rNeg    + + +        R - +1 robe of Vines {NoPotionHeal Regen++++}
rPois   ∞            G - +1 helmet of Fanaudo {*Corrode MP+9 Str+2 Int+2}
rElec   .            j - scarf {harm}
rCorr   .            d - +2 pair of gloves {Dex+3}
SInv    +            Y - +2 pair of boots
Will    +++..        J - amulet "Azighuyl" {RegenMP rF+ rN+ Dex+3}
Stlth   ++           O - ring of Wishful Thinking {Str+4 Int+6}
HPRegen 3.66/turn    F - ring "Miso" {rN+ Int+6 SInv}
MPRegen 0.78/turn

%: corrode self (3%), harm (+30% outgoing, +20% incoming), channel magic (20%)
@: death-form, studying 4 skills
A: vile attack, torment immunity, no potions, reduced hp
}: 4/15 runes: decaying, serpentine, slimy, silver
a: Siphon Essence, Begin Untransformation, Renounce Religion


You were on level 12 of a ziggurat.
You worshipped Vehumet.
Vehumet was exalted by your worship.
You were an undying horror.
You visited 11 branches of the dungeon, and saw 51 of its levels.
You visited 1 ziggurat, and saw 12 of its levels.
You also visited: Trove, Gauntlet, Ice Cave and Wizlab.

You collected 11205 gold pieces.
You spent 4238 gold pieces at shops.

Inventory:

Hand Weapons
 b - the +12 rapier of Ash {freeze, rPois rF++ rC- Int+2}
   (You found it on level 3 of the Crypt)

   Int+2:     It affects your intelligence (+2).
   rF++:      It greatly protects you from fire.
   rC-:       It makes you vulnerable to cold.
   rPois:     It protects you from poison
 z - the +6 Majin-Bo {spellvamp, MP+6 Int+6}
   (You found it on level 2 of the Crypt)

   Int+6:     It affects your intelligence (+6).
   MP+6:      It affects your magic capacity (+6).
 K - a +9 spectral demon blade
Armour
 d - a +2 pair of gloves of dexterity (worn)
 j - a scarf of harm (worn)
 t - an orb of energy (worn)
 w - a +3 buckler of reflection
 G - the +1 helmet of Fanaudo (worn) {*Corrode MP+9 Str+2 Int+2}
   (You found it in a Gauntlet)

   Str+2:     It affects your strength (+2).
   Int+2:     It affects your intelligence (+2).
   MP+9:      It affects your magic capacity (+9).
   *Corrode:  It may corrode you when you take damage.
 H - a +2 robe of resistance
 M - the +1 robe of Happy Babbling {Str+6 Archmagi}
   (You found it on level 1 of the Swamp)

   Str+6:     It affects your strength (+6).
   Archmagi:  It increases the power of your magical spells.
 R - the +1 robe of Vines (worn) {NoPotionHeal Regen++++}
   (You found it on level 4 of the Lair of Beasts)

   NoPotionHeal: Its wearer cannot be healed by potions.
   Regen++++: It increases your rate of health regeneration.
 Y - a +2 pair of boots (worn)
Magical Staves
 a - a staff of conjuration
 u - a staff of fire (weapon)
Jewellery
 e - a ring of willpower
 f - the ring of the Stag {Wiz Str+4 Dex+2}
   (You found it on level 1 of the Elven Halls)

   [ring of wizardry]

   Wiz:       It improves your spell success rate.
   Str+4:     It affects your strength (+4).
   Dex+2:     It affects your dexterity (+2).
 B - the ring "Reriq" {Fire rElec Will- Dex+3}
   (You found it in a Gauntlet)

   [ring of fire]

   Fire:      It enhances your fire magic.
   Dex+3:     It affects your dexterity (+3).
   rF+:       It protects you from fire.
   rC-:       It makes you vulnerable to cold.
   rElec:     It insulates you from electricity.
   Will-:     It decreases your willpower.
 F - the ring "Miso" (right hand) {rN+ Int+6 SInv}
   (You found it on level 5 of the Pits of Slime)

   [ring of intelligence]

   Int+6:     It affects your intelligence (+6).
   rN+:       It protects you from negative energy.
   SInv:      It lets you see invisible.
 J - the amulet "Azighuyl" (around neck) {RegenMP rF+ rN+ Dex+3}
   (You took it off a spriggan defender on level 2 of the Depths)

   [amulet of magic regeneration]

   RegenMP:   It increases your rate of magic regeneration.
   Dex+3:     It affects your dexterity (+3).
   rF+:       It protects you from fire.
   rN+:       It protects you from negative energy.
 O - the ring of Wishful Thinking (left hand) {Str+4 Int+6}
   (You took it off a deep elf demonologist on level 3 of the Elven Halls)

   [ring of intelligence]

   Str+4:     It affects your strength (+4).
   Int+6:     It affects your intelligence (+6).
 P - the ring "Ynumeqol" {Fly Slay+5}
   (You took it off a deep elf annihilator on level 3 of the Elven Halls)

   [ring of flight]

   Slay+5:    It affects your accuracy & damage with ranged weapons and melee
   (+5).
   Fly:       It grants you flight.
 Q - the ring of Fiomoa {rPois rC++}
   (You found it in a wizard's laboratory)

   [ring of poison resistance]

   rC++:      It greatly protects you from cold.
   rPois:     It protects you from poison
Talismans
 g - a talisman of death (active)
Wands
 h - a wand of digging (27)
 r - a wand of light (57)
 X - a wand of roots (68)
Scrolls
 l - a scroll of enchant weapon
 v - 12 scrolls of enchant armour
 y - a scroll of torment
 A - 9 scrolls of fog
 C - 31 scrolls of teleportation
 E - 17 scrolls of blinking
 I - 7 scrolls of revelation
 T - 3 scrolls of summoning
 U - 10 scrolls of immolation
 Z - 12 scrolls of fear
Potions
 c - 4 potions of invisibility
 i - 19 potions of brilliance
 k - 12 potions of enlightenment
 m - 13 potions of heal wounds
 n - 3 potions of might
 o - 17 potions of curing
 p - 13 potions of haste
 q - 19 potions of mutation
 D - 2 potions of cancellation
 N - 2 potions of resistance
 S - 3 potions of magic
 V - 8 potions of ambrosia
Miscellaneous
 s - a condenser vane
 W - a phial of floods


   Skills:
 - Level 15.0 Fighting
 - Level 6.0 Armour
 - Level 15.0 Dodging
 - Level 2.4 Stealth
 - Level 24.0 Spellcasting
 - Level 24.0 Conjurations
 - Level 4.0 Hexes
 - Level 7.0 Necromancy
 - Level 2.0 Translocations
 - Level 2.0 Transmutations
 - Level 20.0 Fire Magic
 - Level 18.0 Air Magic
 - Level 2.0 Earth Magic
 - Level 5.0 Evocations
 * Level 22.8 Shapeshifting


You had 12 spell levels left.
You knew the following spells:

 Your Spells              Type           Power      Damage    Failure   Level
a - Shatter               Erth           33%        3d27*     100%        9
b - Fire Storm            Conj/Fire      78%        8d20      3%          9
c - Ignition              Fire           76%        3d20      1%          8
d - Iskenderun's Mystic   Conj/Tloc      100%       2d19      1%          4
e - Fireball              Conj/Fire      78%        3d29      1%          5
f - Chain Lightning       Conj/Air       65%        3d86      4%          9
g - Orb of Destruction    Conj           68%        9d16      1%          7
h - Apportation           Tloc           100%       N/A       1%          1
v - Bombard               Conj/Erth      54%        9d9       1%          6
w - Call Imp              Summ           100%       N/A       3%          2
x - Sublimation of Blood  Necr           89%        N/A       1%          2

Your spell library contained the following spells:

 Spells                   Type           Power      Damage    Failure   Level
 Maxwell's Capacitive Co  Air            61%        ∞         1%          8
 Foxfire                  Conj/Fire      100%       2x1d9     1%          1
 Freeze                   Ice            100%       1d10      1%          1
 Magic Dart               Conj           100%       1d8       1%          1
 Necrotise                Necr           100%       1d9       1%          1
 Sandblast                Erth           100%       2d20      1%          1
 Shock                    Conj/Air       100%       1d9       1%          1
 Slow                     Hex            100%       N/A       1%          1
 Cigotuvi's Dreadful Rot  Necr/Pois/Air  100%       N/A       1%          2
 Jinxbite                 Hex            100%       N/A       1%          2
 Momentum Strike          Conj/Tloc      100%       3d10      1%          2
 Poisonous Vapours        Pois/Air       100%       N/A       1%          2
 Scorch                   Fire           100%       2d9       1%          2
 Searing Ray              Conj           100%       2d8       1%          2
 Static Discharge         Conj/Air       100%       3-8/arc   1%          2
 Confusing Touch          Hex            76%        N/A       1%          3
 Frozen Ramparts          Ice            100%       1d16      1%          3
 Hailstorm                Conj/Ice       100%       3d16      1%          3
 Ignite Poison            Fire/Tmut/Pois 100%       N/A       1%          3
 Inner Flame              Hex/Fire       100%       N/A       1%          3
 Mephitic Cloud           Conj/Pois/Air  100%       N/A       1%          3
 Sigil of Binding         Hex            76%        N/A       1%          3
 Stone Arrow              Conj/Erth      100%       3d13      1%          3
 Swiftness                Air            100%       N/A       1%          3
 Vampiric Draining        Necr           89%        2d12      1%          3
 Volatile Blastmotes      Fire/Tloc      100%       2d18      1%          3
 Airstrike                Air            61%        2d(9-25)  1%          4
 Animate Dead             Necr           89%        N/A       1%          4
 Brom's Barrelling Bould  Conj/Erth      100%       2d11      1%          4
 Dispel Undead            Necr           89%        3d28      1%          4
 Flame Wave               Conj/Fire      100%       2d21      1%          4
 Fulminant Prism          Conj/Hex       56%        3d24      1%          4
 Sticky Flame             Conj/Fire      100%       2d11      1%          4
 Summon Lightning Spire   Summ/Air       96%        N/A       1%          4
 Vhi's Electric Charge    Tloc/Air       100%       N/A       1%          4
 Arcjolt                  Conj/Air       65%        1d75      1%          5
 Freezing Cloud           Conj/Ice/Air   56%        6-21      1%          5
 Irradiate                Conj/Tmut      54%        3d29      1%          5
 Silence                  Hex/Air        51%        N/A       1%          5
 Conjure Ball Lightning   Conj/Air       65%        3x3d23    1%          6
 Plasma Beam              Fire/Air       75%        2x1d92    1%          6
 Starburst                Conj/Fire      78%        6d20      1%          6
 Sting                    Tmut/Pois      100%       1d8       2%          1
 Summon Small Mammal      Summ           100%       N/A       2%          1
 Blink                    Tloc           100%       N/A       2%          2
 Ensorcelled Hibernation  Hex/Ice        100%       N/A       2%          2
 Lesser Beckoning         Tloc           100%       N/A       2%          2
 Passwall                 Tmut/Erth      55%        N/A       2%          2
 Wereblood                Tmut           66%        N/A       2%          2
 Anguish                  Hex/Necr       41%        N/A       2%          4
 Olgreb's Toxic Radiance  Pois           54%        N/A       2%          4
 Yara's Violent Unravell  Hex/Tmut       35%        3d14      2%          5
 Gell's Gravitas          Tloc           66%        N/A       3%          3
 Teleport Other           Tloc           66%        N/A       3%          3
 Cause Fear               Hex            38%        N/A       3%          4
 Agony                    Necr           89%        N/A       3%          5
 Lee's Rapid Deconstruct  Erth           33%        3d17*     3%          5
 Ozocubu's Armour         Ice            54%        N/A       4%          3
 Leda's Liquefaction      Hex/Erth       35%        N/A       4%          4
 Passage of Golubria      Tloc           66%        N/A       5%          4
 Petrify                  Tmut/Erth      66%        N/A       5%          4
 Borgnjor's Vile Clutch   Necr/Erth      39%        N/A       5%          5
 Lehudib's Crystal Spear  Conj/Erth      54%        10d13     6%          8
 Animate Armour           Summ/Erth      100%       N/A       7%          4
 Death Channel            Necr           44%        N/A       9%          6
 Summon Ice Beast         Ice/Summ       54%        N/A       10%         4
 Metabolic Englaciation   Hex/Ice        33%        N/A       11%         5
 Alistair's Intoxication  Tmut/Pois      40%        N/A       14%         5
 Summon Forest            Summ/Tloc      30%        N/A       14%         5
 Eringya's Noxious Bog    Tmut/Pois      30%        4d6       14%         6
 Simulacrum               Ice/Necr       36%        N/A       24%         6
 Dispersal                Tloc           33%        N/A       36%         6
 Summon Cactus Giant      Summ           27%        N/A       58%         6
 Enfeeble                 Hex            38%        N/A       61%         7
 Ozocubu's Refrigeration  Ice            27%        4d13      61%         7
 Borgnjor's Revivificati  Necr           44%        N/A       85%         8
 Malign Gateway           Summ/Tloc      30%        N/A       93%         7
 Monstrous Menagerie      Summ           27%        N/A       98%         7
 Summon Hydra             Summ           27%        N/A       98%         7
 Discord                  Hex            38%        N/A       99%         8
 Summon Horrible Things   Summ           27%        N/A       100%        8
 Death's Door             Necr           44%        N/A       100%        9
 Dragon's Call            Summ           27%        N/A       100%        9
 Polar Vortex             Ice            27%        12d3*     100%        9


Dungeon Overview and Level Annotations

Branches:
Dungeon (15/15)            Temple (1/1) D:5            Lair (5/5) D:9
  Swamp (4/4) Lair:2        Snake (4/4) Lair:2        Slime (5/5) Lair:4
    Orc (2/2) D:10            Elf (3/3) Orc:2        Vaults (5/5) D:13
  Crypt (3/3) Vaults:2       Tomb (0/3) Crypt:3      Depths (4/4) D:15
    Zot (0/5) Depths:4      IceCv (visited)          WizLab (visited)
Gauntlet (visited)

Altars:
Ashenzari
Cheibriados
Dithmenos
Elyvilon
Fedhas
Gozag
Hepliaklqana
Kikubaaqudgha
Makhleb
Nemelex Xobeh
Okawaru
Qazlal
Ru
Sif Muna
Trog
Uskayaw
Vehumet
Wu Jian
Xom
Yredelemnul
Zin
The Shining One
Jiyva

Shops:
D:1 *!   D:11 (?[=   D:15 :   Orc:1 *   Orc:2 :!!:   Elf:2 :   Elf:3 (?=
Snake:1 :=::   Snake:3 *   Vaults:1 (   Vaults:2 :   Vaults:4 (   Vaults:5 [

Portals:
Hell: Depths:1 Depths:2 Depths:3 Depths:4
Abyss: Depths:3 Depths:4
Pandemonium: Depths:2

Annotations:
Lair:3 Rupert
Elf:2 3 runed translucent doors


Message History

You kill the red very ugly thing!
Vehumet accepts your kill.
The great blast of fire engulfs Mior!!!
Mior partially resists.
Mior is heavily wounded.
The great blast of fire engulfs your Killer Klown!!!!
You kill your Killer Klown!
Your Killer Klown's corpse dissolves into shadows!
Vehumet accepts your kill.
You feel your power returning.
You feel a bit more experienced. Vehumet accepts your kill.
You feel a bit more experienced.
The great blast of fire engulfs your troll!!!
You kill your troll!
Your troll's corpse dissolves into shadows!
The great blast of fire engulfs your red very ugly thing!!!
Your red very ugly thing partially resists.
Your red very ugly thing is heavily wounded.
The great blast of fire engulfs your red very ugly thing!!!
Your red very ugly thing partially resists.
Your red very ugly thing is heavily wounded.
Your red very ugly thing dissolves into shadows! x2
Vehumet accepts your kill.
You feel a bit more experienced.
Your fire vortex hits Mior.
Your fire vortex burns Mior!
Mior completely resists.
Your fire vortex dissipates!
Your fire vortex hits Mior.
Your fire vortex burns Mior!
Mior completely resists.
Your fire vortex dissipates!
Mior is engulfed in blazing flames.
Blink to where?
Press: ? - help, Dir - move target A Brimstone Fiend comes into view.
As you read the scroll of blinking, it crumbles to dust.
Mior gestures at you.
The bolt of energy hits your fire vortex!!
The bolt of energy hits your fire vortex!!!
Your fire vortex dissipates!
The bolt of energy hits your fire vortex!!
The bolt of energy hits you!!
You die...

&&....○○○○☼○.▓▓
.....vv○○&vv..▓▓
u....v†☼°vvG.∩§▓
....&v..☼☼○☼..▓▓
....1.vv○vv○.▓▓
.......☼°○☼°▓▓
...........▓▓
..........▓▓
........z▓▓
▓▓▓▓▓▓▓▓▓▓


You could see Mior (ally target), Uvir, a Brimstone Fiend (distracted), a
friendly glowing orange brain shaped shifter (summoned) and 12 friendly fire
vortices.

Vanquished Creatures
  the Royal Jelly (Slime:5)
  2 dread liches (Vaults:5)
  2 pandemonium lords (Zig:12)
  2 ancient liches
  Mara (Snake:4)
  Mennas (Vaults:5)
  Josephina (Crypt:2)
  Sojobo (Crypt:3)
  Frederick (Vaults:5)
  Margery (Vaults:3)
  3 royal mummies (Zig:11)
  A Killer Klown (Zig:12)
  Vv (Depths:3)
  Saint Roka (Crypt:3)
  The ghost of Woadakig the Executioner, a veteran FoFi of Dithmenos (Crypt:1)
  Vashnia (Snake:2)
  A caustic shrike (Depths:2)
  3 golden dragons
  Nikola (Vaults:2)
  The ghost of Xihuodghy the Slayer, an adept MiBe of Trog (Vaults:3)
  Norris (Vaults:4)
  3 tentacled monstrosities
  Jorgrun (Orc:2)
  4 Ice Fiends (Zig:5)
  3 hellephants
  9 liches
  Zenata (Crypt:3)
  5 titans
  A walking earthen tome (Depths:1)
  2 deep elf blademasters (Elf:3)
  2 searing wretches (Zig:7)
  4 quicksilver dragons
  A moon troll (WizLab)
  Asterion (Vaults:1)
  3 deep elf master archers
  17 acid blobs
  7 sphinxes
  An Executioner (Depths:3)
  3 ancient champions
  9 tentacled starspawn (WizLab)
  5 shadow dragons
  A draconian monk (Zig:8)
  3 storm dragons
  A fenstrider witch (shapeshifter) (Zig:12)
  Aizul (Snake:4)
  Roxanne (Snake:3)
  10 tengu reavers
  13 azure jellies
  2 fenstrider witches
  11 nagarajas
  3 draconian knights
  13 frost giants
  7 rockslimes
  4 revenants (Crypt:3)
  10 deep elf sorcerers
  2 draconian scorchers
  2 iron dragons (Vaults:5)
  5 deep elf elementalists (Elf:3)
  3 balrugs
  13 fire giants
  4 cacodemons
  A reaper (Crypt:3)
  3 orc warlords
  6 draconian stormcallers
  5 formless jellyfish
  2 curse skulls
  4 draconian annihilators
  14 vault wardens
  A spriggan defender (Depths:2)
  46 very ugly things
  5 ghouls
  A formless jellyfish (shapeshifter) (Zig:12)
  29 stone giants
  7 war gargoyles
  17 ironbound preservers
  7 vampire knights
  6 ironbound thunderhulks
  8 quicksilver oozes
  12 deep elf demonologists
  8 deep elf annihilators
  2 green draconians (Depths:4)
  A demonspawn black sun (Zig:4)
  3 eleionomae
  2 black draconians (Depths:4)
  A lorocyproca (Zig:12)
  3 spark wasps
  7 dire elephants
  3 red draconians
  A yellow draconian (Zig:8)
  4 bunyips
  3 minotaurs
  A red draconian (shapeshifter) (Zig:12)
  A purple draconian (Zig:8)
  7 eidola
  A minotaur (shapeshifter) (Zig:12)
  A white draconian (Zig:9)
  A blizzard demon (Depths:3)
  2 pale draconians (Depths:4)
  A merfolk javelineer (Zig:10)
  5 fire dragons
  7 jiangshi
  A spriggan zombie (Crypt:1)
  A fire dragon (shapeshifter) (Vaults:5)
  The ghost of Qootor the Markself, a journeyman DECj of Vehumet (Snake:2)
  5 merfolk impalers
  5 deep elf death magi
  9 deep elf high priests
  4 mummy priests (Zig:11)
  3 entropy weavers
  12 ettins
  3 green deaths
  A spectral fenstrider witch (Crypt:3)
  Erolcha (Orc:1)
  20 yaktaur captains
  Snorg (D:11)
  A crystal guardian (WizLab)
  37 vault guards
  Fannar (D:12)
  A quicksilver dragon skeleton (Crypt:3)
  16 great orbs of eyes
  2 rakshasas
  3 salamander tyrants
  15 hydras
  5 ice dragons
  4 spriggan air magi (Depths:3)
  3 ghost crabs
  2 caustic shrike simulacra (IceCv)
  4 alligators
  4 ironbound frosthearts
  5 ogre magi
  A catoblepas (D:15)
  7 anacondas
  2 spriggan skeletons
  8 centaur warriors
  6 death knights
  2 boulder beetles
  A merfolk avatar (Zig:10)
  2 merfolk aquamancers (Zig:10)
  3 peacekeepers
  7 two-headed ogres
  14 dancing weapons
  7 deep troll shamans
  7 tengu warriors
  An alligator snapping turtle (Zig:10)
  22 naga warriors
  8 hell hogs
  4 deep troll earth magi
  A death scarab (Zig:11)
  6 orc high priests
  7 vampire magi
  A shock serpent (shapeshifter) (Zig:12)
  Urug (Lair:5)
  A thrashing horror (Swamp:4)
  17 deep elf knights
  5 spriggan berserkers
  Sonja (D:12)
  A storm dragon zombie (Depths:3)
  A titan zombie (Depths:2)
  4 shock serpents
  4 skysharks
  11 naga sharpshooters
  3 soul eaters (Crypt:3)
  26 hell knights
  6 iron trolls
  Nergalle (D:12)
  26 skeletal warriors
  4 spriggans
  3 salamander mystics (Snake:4)
  3 golden dragon zombies
  7 goliath frogs
  A bunyip zombie (Crypt:1)
  A deep troll (shapeshifter) (Depths:2)
  12 glowing orange brains
  A death drake (Swamp:4)
  3 sea snakes (Snake:1)
  A spectral anaconda (Crypt:3)
  3 spriggan druids
  A glowing orange brain (shapeshifter) (Vaults:5)
  38 deep trolls
  2 spriggan simulacra
  10 swamp dragons
  16 deep elf archers
  9 arcanists
  9 shadow wraiths
  13 bog bodies
  14 flayed ghosts
  5 naga ritualists
  A steelbarb worm (shapeshifter) (Vaults:1)
  3 orange crystal statues
  An obsidian statue (Crypt:1)
  10 orc sorcerers
  19 ironbound convokers
  3 mana vipers (shapeshifter)
  31 deep elf zephyrmancers
  6 mana vipers
  28 phantasmal warriors
  A harpy (shapeshifter) (Elf:3)
  6 harpies
  8 orc knights
  A tengu zombie (Zig:11)
  11 lindwurms
  An iron dragon zombie (Depths:3)
  A glowing shapeshifter (Depths:1)
  28 deep elf pyromancers
  14 necromancers
  8 oklob plants (Lair:4)
  45 ugly things
  16 salamanders
  2 tengu skeletons (Depths:2)
  7 manticores
  2 shining eyes
  8 will-o-the-wisps
  Maurice (D:11)
  5 large abominations
  7 kobold blastminers
  A merfolk siren (Zig:10)
  A stone giant skeleton (Crypt:2)
  5 elephants (Lair:5)
  An apocalypse crab (Zig:12)
  A rust devil (D:9)
  17 vault sentinels
  21 naga magi
  7 eyes of devastation
  26 black mambas
  A cane toad (shapeshifter) (Vaults:5)
  2 water nymphs (Zig:10)
  20 cane toads
  2 orange demons (Swamp:4)
  3 gargoyles
  9 guardian serpents
  A smoke demon (D:9)
  An unseen horror (D:9)
  A purple draconian zombie (Crypt:3)
  A hellion (Zig:7)
  5 unseen horror zombies (D:9)
  24 yaktaurs
  Jeremiah (D:7)
  A swamp worm zombie (Crypt:1)
  26 freezing wraiths
  A harpy zombie (Crypt:1)
  A sea snake zombie (Crypt:2)
  2 tormentors (Zig:7)
  11 guardian mummies
  A spectral harpy (Crypt:3)
  An anaconda simulacrum (IceCv)
  A rime drake (shapeshifter) (Vaults:1)
  2 kobold demonologists
  7 golden dragon simulacra
  10 komodo dragons
  9 trolls
  2 merfolk (Zig:10)
  3 tengu conjurers
  2 hellwings (D:9)
  4 hornets
  A polar bear (Lair:3)
  5 tyrant leeches
  A queen bee (D:10)
  2 trolls (shapeshifter)
  2 bloated husks (Swamp:3)
  A glass eye (shapeshifter) (Vaults:2)
  4 glass eyes
  17 blink frogs
  Sigmund (D:3)
  4 snapping turtles
  14 flying skulls
  90 slime creatures
  2 spectral black mambas (Snake:2)
  10 shadows
  3 black mamba zombies
  An ettin skeleton (Crypt:1)
  A slime creature (shapeshifter) (D:15)
  A spriggan (shapeshifter) (Elf:3)
  5 wraiths
  6 ushabtiu (Zig:11)
  4 air elementals
  5 water elementals
  A fire dragon skeleton (Crypt:3)
  A vampire (D:9)
  A wyvern (D:10)
  3 dire elephant simulacra
  18 humans (D:13)
  55 yaks
  5 steam dragons
  3 starcursed masses (WizLab)
  5 basilisks
  A neqoxec (WizLab)
  12 golden eyes
  3 fire elementals
  2 redbacks (shapeshifter)
  15 vampire mosquitoes
  A yaktaur simulacrum (Vaults:4)
  A chaos spawn (Zig:12)
  2 redbacks
  Menkaure (D:6)
  2 naga zombies
  Edmund (D:6)
  A spectral cane toad (Lair:2)
  2 faun zombies
  A naga (shapeshifter) (D:15)
  4 small abominations (Gauntlet)
  A glowing shapeshifter zombie (Crypt:1)
  A skyshark zombie (Crypt:2)
  6 acid dragons
  8 wargs
  A glowing shapeshifter skeleton (Depths:3)
  4 harpy simulacra
  39 nagas
  9 water moccasins
  4 hydra simulacra
  19 swamp worms
  A spectral naga (Snake:2)
  A fire bat skeleton (Crypt:1)
  3 guardian serpent simulacra (Snake:2)
  An ice beast (shapeshifter) (D:14)
  4 black bears
  18 orc warriors
  3 ice beasts
  A hornet zombie (D:9)
  A black mamba simulacrum (Snake:2)
  2 sky beasts
  6 swamp drakes
  14 ogres
  An ice dragon simulacrum (Crypt:2)
  An ettin simulacrum (Crypt:2)
  10 centaurs
  3 phantoms
  A spectral wyvern (Lair:2)
  3 kobold brigands
  2 gnoll sergeants
  A spectral water moccasin (Lair:2)
  17 bullfrogs
  A draconian skeleton (Crypt:2)
  3 earth elementals
  2 scorpions
  5 wights (D:7)
  A cyclops skeleton (Crypt:3)
  34 killer bees
  A water moccasin skeleton (Crypt:3)
  A polar bear zombie (Crypt:1)
  A raiju skeleton (Crypt:2)
  2 electric eels
  2 howler monkeys
  2 centaur zombies (D:9)
  3 hounds
  7 jellies
  3 naga simulacra (Snake:2)
  A wolf skeleton (Crypt:1)
  12 orc priests
  A gnoll bouda (D:5)
  Crazy Yiuf (D:3)
  3 sleepcaps
  3 iguanas
  25 orc wizards
  An acid dragon zombie (Crypt:3)
  An acid dragon skeleton (Crypt:2)
  3 mummies
  A howler monkey zombie (D:9)
  4 adders
  19 gnolls
  3 white imps
  An adder zombie (Crypt:1)
  A worm (D:2)
  A dart slug (D:5)
  85 orcs
  7 ball pythons
  6 endoplasms
  3 giant cockroaches
  10 goblins
  6 hobgoblins
  7 jackals
  26 kobolds
  3 quokkas
  6 bats
  10 frilled lizards
  A gnoll skeleton (Crypt:3)
  A jackal skeleton (Crypt:1)
  An orc zombie (Crypt:1)
  A quokka zombie (Crypt:2)
  2 rats (D:1)
  A butterfly (Lair:3)
  3 starspawn tentacles (WizLab)
2353 creatures vanquished.

Vanquished Creatures (collateral kills)
  A golden dragon (Vaults:5)
  2 acid blobs (Slime:5)
  A nagaraja (Snake:4)
  An orc warlord (Vaults:1)
  2 very ugly things
  A formless jellyfish (Slime:5)
  A green draconian (Zig:9)
  A great orb of eyes (Slime:5)
  A naga warrior (Snake:2)
  A glowing orange brain (WizLab)
  A deep troll (Vaults:4)
  A bog body (Crypt:1)
  An ironbound convoker (Vaults:5)
  A phantasmal warrior (Crypt:3)
  A necromancer (Crypt:1)
  A will-o-the-wisp (Swamp:1)
  3 slime creatures
  A naga mage (Snake:4)
  An orange demon (Swamp:4)
  A yaktaur (Vaults:1)
  A guardian mummy (Zig:11)
  A wraith (Crypt:3)
  3 shadows (Crypt:3)
  A golden eye (WizLab)
  A chaos spawn (Zig:12)
  2 vampire mosquitoes (Swamp:2)
  A redback (Vaults:4)
  2 nagas
  A lindwurm simulacrum (IceCv)
  A boggart skeleton (Crypt:1)
  3 mummies (Zig:11)
  A hound skeleton (Crypt:3)
  2 white imps (Vaults:4)
  A starspawn tentacle (WizLab)
45 creatures vanquished.

Vanquished Creatures (others)
  A bloated husk (Swamp:2)
  An orc priest (Orc:2)
  609 fire vortices
  25 foxfires
  223 fulminant prisms
  9 starspawn tentacles (WizLab)
868 creatures vanquished.

Grand Total: 3266 creatures vanquished

Notes
Turn   | Place    | Note
-------+----------+-------------------------------------------
     0 | D:1      | PurpleRed the Deep Elf Fire Elementalist began the quest
                  | for the Orb.
     0 | D:1      | Reached XP level 1. HP: 10/10 MP: 6/6
    89 | D:1      | Found Egyfapy's Distillery.
   343 | D:1      | Found a faded altar of an unknown god.
   351 | D:1      | Reached XP level 2. HP: 15/15 MP: 5/8
   354 | D:1      | Learned a level 2 spell: Scorch
   716 | D:1      | Found Pisuh's General Store.
   769 | D:1      | Bought a potion of curing for 30 gold pieces
   985 | D:2      | Identified a scroll of acquirement
  1012 | D:2      | Reached XP level 3. HP: 5/19 MP: 8/10
  1457 | D:2      | Reached XP level 4. HP: 24/24 MP: 3/11
  1548 | D:1      | Acquired 927 gold pieces
  1605 | D:1      | Bought a potion of brilliance for 40 gold pieces
  1605 | D:1      | Bought a book of Changes for 180 gold pieces
  1650 | D:1      | Bought a potion of heal wounds for 70 gold pieces
  1650 | D:1      | Bought a potion of degeneration for 14 gold pieces
  1650 | D:1      | Bought a potion of curing for 42 gold pieces
  1650 | D:1      | Bought a potion of haste for 140 gold pieces
  1650 | D:1      | Bought a potion of curing for 42 gold pieces
  1650 | D:1      | Bought a potion of curing for 42 gold pieces
  2057 | D:3      | Found a glowing golden altar of the Shining One.
  2553 | D:3      | Reached XP level 5. HP: 28/28 MP: 8/13
  2674 | D:3      | Found a runed translucent door.
  2675 | D:3      | Noticed Crazy Yiuf
  2760 | D:3      | Found a broken altar of Ashenzari.
  2950 | D:3      | Found a blossoming altar of Fedhas.
  2950 | D:3      | Noticed a centaur
  3016 | D:3      | You fall into a shaft and drop 3 floors!
  3029 | D:5      | Entered Level 5 of the Dungeon
  3041 | D:5      | Reached skill level 5 in Fire Magic
  3133 | D:5      | Noticed an ice beast
  3147 | D:5      | Killed an ice beast
  3148 | D:5      | Reached skill level 5 in Spellcasting
  3148 | D:5      | Reached XP level 6. HP: 13/32 MP: 2/15
  3251 | D:5      | Found a hazy altar of Hepliaklqana.
  3357 | D:5      | Learned a level 4 spell: Flame Wave
  3360 | D:5      | Found a staircase to the Ecumenical Temple.
  3370 | Temple   | Entered the Ecumenical Temple
  3397 | D:5      | Noticed a water moccasin
  3420 | D:5      | Killed a water moccasin
  3421 | D:5      | Reached skill level 5 in Conjurations
  3554 | D:5      | Reached XP level 7. HP: 29/36 MP: 9/17
  4033 | D:3      | Noticed Sigmund
  4036 | D:3      | Killed Sigmund
  4226 | D:3      | Killed Crazy Yiuf
  4460 | D:4      | Reached XP level 8. HP: 41/41 MP: 8/20
  4467 | D:4      | Learned a level 5 spell: Irradiate
  4729 | D:4      | Found a shimmering blue altar of Sif Muna.
  4729 | D:4      | Found an iron altar of Okawaru.
  4928 | D:4      | Reached skill level 1 in Transmutations
  4994 | D:4      | Learned a level 4 spell: Fulminant Prism
  4999 | D:4      | Learned a level 4 spell: Iskenderun's Mystic Blast
  5027 | D:4      | Reached skill level 1 in Hexes
  5075 | D:4      | Found an ancient bone altar of Kikubaaqudgha.
  5564 | D:6      | Found a radiant altar of Vehumet.
  5586 | D:6      | Became a worshipper of Vehumet
  6099 | D:6      | Noticed Menkaure
  6109 | D:6      | Killed Menkaure
  6329 | D:6      | Reached XP level 9. HP: 45/45 MP: 15/23
  6510 | D:6      | Reached skill level 10 in Conjurations
  6891 | D:6      | Noticed Edmund
  6897 | D:6      | Reached * piety under Vehumet
  6897 | D:6      | Offered knowledge of Kiss of Death by Vehumet.
  6902 | D:6      | Killed Edmund
  7641 | D:7      | Noticed Jeremiah
  7643 | D:7      | Killed Jeremiah
  7644 | D:7      | Reached skill level 1 in Translocations
  8070 | D:7      | Offered knowledge of Static Discharge by Vehumet.
  8071 | D:7      | Reached XP level 10. HP: 50/50 MP: 16/24
  8074 | D:7      | Reached ** piety under Vehumet
  8985 | D:8      | Identified the +10 rapier of the Spectre {freeze, rElec
                  | rF+++ rC- Str+3}
  9167 | D:9      | Reached skill level 1 in Fighting
  9281 | D:9      | Noticed a rust devil
  9527 | D:9      | Killed a rust devil
  9628 | D:9      | Noticed a smoke demon
  9703 | D:9      | Offered knowledge of Searing Ray by Vehumet.
  9773 | D:9      | Noticed a two-headed ogre
  9802 | D:9      | Killed a two-headed ogre
  9923 | D:9      | Reached skill level 10 in Spellcasting
 10197 | D:9      | Found a basalt altar of Yredelemnul.
 10204 | D:9      | Reached XP level 11. HP: 59/59 MP: 13/27
 10311 | D:9      | Reached skill level 5 in Dodging
 10479 | D:9      | Reached *** piety under Vehumet
 10482 | D:9      | Noticed a two-headed ogre
 10563 | D:9      | Killed a two-headed ogre
 11115 | D:9      | Acquired a staff of conjuration
 11197 | D:9      | Found a staircase to the Lair.
 11388 | D:9      | Offered knowledge of Stone Arrow by Vehumet.
 11389 | D:9      | Reached skill level 15 in Conjurations
 11492 | D:9      | Learned a level 3 spell: Stone Arrow
 11519 | D:10     | Entered Level 10 of the Dungeon
 11571 | D:10     | Found a staircase to the Orcish Mines.
 12049 | D:10     | Reached **** piety under Vehumet
 12050 | D:10     | Reached skill level 1 in Armour
 12101 | D:10     | Offered knowledge of Freezing Cloud by Vehumet.
 12286 | D:10     | Learned a level 5 spell: Freezing Cloud
 12559 | D:11     | Noticed Maurice
 12634 | D:11     | Found Xapsifum's Armour Emporium.
 12758 | D:11     | Killed Maurice
 12779 | D:11     | Found Taajief's Weapon Emporium.
 12842 | D:11     | Reached ***** piety under Vehumet
 12842 | D:11     | Offered knowledge of Eringya's Noxious Bog by Vehumet.
 12844 | D:11     | Found Righuez's Jewellery Shoppe.
 12904 | D:11     | Reached XP level 12. HP: 65/66 MP: 29/29
 12977 | D:11     | Noticed a centaur warrior
 12984 | D:11     | Killed a centaur warrior
 13048 | D:11     | Found Seasuuc's Magic Scroll Shoppe.
 13056 | D:11     | Bought a scroll of teleportation for 39 gold pieces
 13056 | D:11     | Bought 2 scrolls of identify for 52 gold pieces
 13063 | D:11     | Bought a scroll of revelation for 97 gold pieces
 13157 | D:11     | Noticed Snorg
 13176 | D:11     | Killed Snorg
 13509 | D:12     | Noticed Nergalle
 13697 | Lair:1   | Entered Level 1 of the Lair of Beasts
 14841 | Lair:2   | Reached skill level 5 in Fighting
 15246 | Lair:2   | Noticed a ghost crab
 15267 | Lair:2   | Killed a ghost crab
 15380 | Lair:2   | Noticed a ghost crab
 15449 | Lair:2   | Reached skill level 10 in Fire Magic
 15497 | Lair:2   | Found a stormy altar of Qazlal.
 15588 | Lair:2   | Found a staircase to the Snake Pit.
 15806 | Lair:3   | Reached XP level 13. HP: 74/74 MP: 17/32
 16194 | Lair:3   | Noticed Rupert
 16219 | Lair:3   | Paralysed by Rupert for 2 turns
 16412 | Lair:4   | Found a gate leading to a gauntlet.
 16523 | Gauntlet | Entered a Gauntlet
 16523 | Gauntlet | Found a transporter.
 16568 | Gauntlet | Found a transporter.
 16591 | Gauntlet | Found a runed translucent gate.
 16593 | Gauntlet | Found a transporter.
 16594 | Gauntlet | Found a runed translucent gate.
 16595 | Gauntlet | Found a runed translucent gate.
 16597 | Gauntlet | Found a transporter.
 16609 | Gauntlet | Noticed a green death
 16611 | Gauntlet | Found a transporter.
 16624 | Gauntlet | Found a transporter.
 16627 | Gauntlet | Noticed a cacodemon
 16641 | Gauntlet | Found a transporter.
 16645 | Gauntlet | Found a transporter.
 16653 | Gauntlet | Found a transporter.
 16653 | Gauntlet | Found a transporter.
 16654 | Gauntlet | Found a transporter.
 16686 | Gauntlet | Noticed a cacodemon
 16690 | Gauntlet | Found a transporter.
 16816 | Gauntlet | Identified the ring "Reriq" {Fire rElec Will- Dex+3}
 16911 | Gauntlet | Killed a green death
 16948 | Gauntlet | Identified the +1 helmet of Fanaudo {*Corrode MP+9 Str+2
                  | Int+2}
 16967 | Gauntlet | Identified the ring "Pyniept" {rF+ Str+4}
 17004 | Gauntlet | Noticed a minotaur
 17027 | Gauntlet | Killed a minotaur
 17046 | Gauntlet | Got Sif Muna's Collected Works on the Unified Cure
 17056 | Gauntlet | Identified the +0 robe "Weyb Tui" {*Corrode Regen+ Int+3
                  | Stlth+}
 17057 | Gauntlet | Got Sif Muna's Writings on Transposed Alteration
 17102 | Lair:4   | Found the +1 robe of Vines {NoPotionHeal Regen++++}
 17178 | Lair:4   | Learned a level 8 spell: Ignition
 17274 | Lair:4   | Found a staircase to the Slime Pits.
 17291 | Lair:4   | Found a viscous altar of Jiyva.
 17452 | Lair:4   | Offered knowledge of Conjure Ball Lightning by Vehumet.
 17982 | Lair:5   | Entered Level 5 of the Lair of Beasts
 18057 | Lair:5   | Noticed Urug
 18063 | Lair:5   | Killed Urug
 18241 | Lair:5   | Reached XP level 14. HP: 76/80 MP: 24/34
 18260 | Lair:5   | Reached skill level 15 in Fire Magic
 19492 | Lair:2   | Found a staircase to the Swamp.
 19685 | D:12     | Killed Nergalle
 19882 | D:12     | Noticed Sonja
 19887 | D:12     | Killed Sonja
 19927 | D:12     | Found a sparkling altar of Nemelex Xobeh.
 20377 | D:12     | Noticed Fannar
 20401 | D:12     | Killed Fannar
 20825 | D:13     | Offered knowledge of Spellforged Servitor by Vehumet.
 21136 | D:13     | Found a gate to the Vaults.
 21155 | D:13     | Learned a level 2 spell: Sublimation of Blood
 21526 | D:13     | Identified the serpent talisman of Nikkej {rPois rC- Will++
                  | Dex-5}
 22732 | D:14     | Reached XP level 15. HP: 84/88 MP: 35/35
 23018 | D:15     | Entered Level 15 of the Dungeon
 23114 | D:15     | Found Mator's Tiny Tomes.
 23130 | D:15     | Bought the Octavo of the Impact for 208 gold pieces
 23138 | D:15     | Learned a level 7 spell: Orb of Destruction
 23241 | D:15     | Offered knowledge of Bombard by Vehumet.
 23601 | D:15     | Found an ornate altar of the Wu Jian Council.
 23972 | D:15     | Identified the +0 leather armour "Pamocota" {rN++ Int-3
                  | Stlth+}
 24122 | D:15     | Learned a level 6 spell: Bombard
 24425 | D:15     | Found a staircase to the Depths.
 24658 | Orc:1    | Entered Level 1 of the Orcish Mines
 24723 | Orc:1    | Found Ziunnop's General Store.
 24737 | Orc:1    | Bought a scroll of blinking for 75 gold pieces
 24777 | Orc:1    | Reached skill level 1 in Earth Magic
 24780 | Orc:1    | Noticed Erolcha
 24785 | Orc:1    | Killed Erolcha
 25423 | Orc:2    | Entered Level 2 of the Orcish Mines
 25543 | Orc:2    | Noticed Jorgrun
 25546 | Orc:2    | Reached skill level 15 in Spellcasting
 25546 | Orc:2    | Killed Jorgrun
 25658 | Orc:2    | Found a staircase to the Elven Halls.
 26389 | Orc:2    | Found Suhiajin's Distillery.
 26389 | Orc:2    | Found Toplogufuo's Book Emporium.
 26391 | Orc:2    | Found Ifaxtaewn's Book Shop.
 26391 | Orc:2    | Found Jiqimaon's Distillery.
 26404 | Orc:2    | Bought a potion of heal wounds for 70 gold pieces
 26404 | Orc:2    | Bought a potion of brilliance for 56 gold pieces
 26404 | Orc:2    | Bought a potion of magic for 112 gold pieces
 26409 | Orc:2    | Bought a potion of brilliance for 52 gold pieces
 26409 | Orc:2    | Bought a potion of brilliance for 52 gold pieces
 26409 | Orc:2    | Bought a potion of curing for 39 gold pieces
 26409 | Orc:2    | Bought a potion of enlightenment for 65 gold pieces
 26411 | Orc:2    | Bought a book of the Dragon for 672 gold pieces
 26417 | Orc:2    | Learned a level 5 spell: Fireball
 26420 | Orc:2    | Bought a book of the Moon for 480 gold pieces
 26426 | Orc:2    | Upgraded the game from 0.31-a0-1134-gb247575 to
                  | 0.31-a0-1144-g99969ba
 26496 | Elf:1    | Entered Level 1 of the Elven Halls
 26877 | Elf:1    | Identified the ring of the Stag {Wiz Str+4 Dex+2}
 26883 | Elf:1    | Offered knowledge of Iskenderun's Battlesphere by Vehumet.
 26895 | Elf:1    | Learned a level 2 spell: Call Imp
 27144 | Elf:1    | Reached XP level 16. HP: 93/93 MP: 38/38
 27940 | Elf:2    | Paralysed by an air elemental for 1 turns
 28175 | Elf:2    | Got Quotidian Sorcery
 28467 | Elf:2    | Found Hyul's Book Shop.
 28503 | Elf:2    | Found a runed translucent gate.
 28512 | Elf:2    | Found a runed translucent gate.
 28512 | Elf:2    | Found a runed translucent gate.
 28703 | Elf:3    | Entered Level 3 of the Elven Halls
 28743 | Elf:3    | Reached skill level 1 in Necromancy
 28788 | Elf:3    | Found Gutsus's Weapon Shop.
 28792 | Elf:3    | Found Vionoiwn's Magic Scroll Boutique.
 28793 | Elf:3    | Found Olethriw's Jewellery Shop.
 28822 | Elf:3    | Bought 3 scrolls of blinking for 382 gold pieces
 29226 | Elf:3    | Reached ****** piety under Vehumet
 29226 | Elf:3    | Offered knowledge of Arcjolt by Vehumet.
 29343 | Elf:3    | Noticed a deep elf blademaster
 29346 | Elf:3    | Identified the ring "Ynumeqol" {Fly Slay+5}
 29347 | Elf:3    | Identified the staff of Callousness {Fragile rPois rF+
                  | rCorr Int+2 Poison}
 29348 | Elf:3    | Killed a deep elf blademaster
 29349 | Elf:3    | Noticed a deep elf blademaster
 29350 | Elf:3    | Killed a deep elf blademaster
 29350 | Elf:3    | Noticed a deep elf master archer
 29351 | Elf:3    | Reached XP level 17. HP: 92/99 MP: 41/41
 29360 | Elf:3    | Killed a deep elf master archer
 29388 | Elf:3    | Noticed a Brimstone Fiend
 29452 | Elf:3    | Noticed a deep elf master archer
 29458 | Elf:3    | Killed a deep elf master archer
 29572 | Elf:3    | Reached skill level 5 in Necromancy
 29574 | Elf:3    | Identified the +0 leather armour of Feasting {Str+4}
 29574 | Elf:3    | Identified the ring of Wishful Thinking {Str+4 Int+6}
 29629 | Elf:3    | Reached skill level 10 in Dodging
 29760 | Elf:3    | Identified the +1 long sword "Baocs" {venom, MP+9}
 29776 | Elf:3    | Identified the +0 swamp dragon scales "Qowucam" {rPois
                  | Str+7}
 29808 | Elf:3    | Acquired 1221 gold pieces
 29810 | Elf:3    | Acquired Sif Muna's Papyrus of the Cloudy Coals
 29830 | Elf:3    | Learned a level 9 spell: Fire Storm
 30078 | Snake:1  | Entered Level 1 of the Snake Pit
 30087 | Snake:1  | Offered knowledge of Ozocubu's Refrigeration by Vehumet.
 30634 | Snake:1  | Found Aklec's Self-Published Books.
 30886 | Snake:1  | Found Heeteyv's Book Shop.
 30886 | Snake:1  | Found Enuos's Jewellery Shoppe.
 30887 | Snake:1  | Found Voyrgh's Book Shop.
 31025 | Snake:2  | Found a runed translucent gate.
 31025 | Snake:2  | Found a runed translucent gate.
 31025 | Snake:2  | Found a runed translucent gate.
 31025 | Snake:2  | Noticed Qootor's ghost (journeyman DECj)
 31119 | Snake:2  | Noticed Vashnia
 31133 | Snake:2  | Killed Vashnia
 31487 | Snake:2  | Reached XP level 18. HP: 90/107 MP: 35/43
 31525 | Snake:2  | Reached skill level 10 in Fighting
 31959 | Snake:2  | Killed Qootor's ghost
 31959 | Snake:2  | Offered knowledge of Shatter by Vehumet.
 31959 | Snake:2  | Offered knowledge of Polar Vortex by Vehumet.
 31959 | Snake:2  | Offered knowledge of Maxwell's Capacitive Coupling by
                  | Vehumet.
 32280 | Snake:3  | Found a glowing silver altar of Zin.
 32488 | Snake:3  | Found Meonuibb's General Store.
 32492 | Snake:3  | Bought a scroll of teleportation for 39 gold pieces
 32492 | Snake:3  | Bought a scroll of revelation for 97 gold pieces
 32492 | Snake:3  | Bought a potion of curing for 39 gold pieces
 32492 | Snake:3  | Bought a scroll of amnesia for 52 gold pieces
 32632 | Snake:3  | Noticed Roxanne
 32637 | Snake:3  | Killed Roxanne
 32807 | Snake:4  | Entered Level 4 of the Snake Pit
 32922 | Snake:4  | Identified the serpent talisman "Ygedumeikk" {Stlth+}
 32922 | Snake:4  | Noticed Aizul
 32925 | Snake:4  | Killed Aizul
 33607 | Snake:4  | Noticed Mara
 33611 | Snake:4  | Noticed PurpleRed's illusion
 33613 | Snake:4  | Killed Mara
 34479 | Snake:4  | Got a serpentine rune of Zot
 34804 | Snake:1  | Bought a book of Annihilations for 960 gold pieces
 34874 | Swamp:1  | Entered Level 1 of the Swamp
 34899 | Swamp:1  | Reached skill level 1 in Evocations
 34960 | Swamp:1  | Reached XP level 19. HP: 114/114 MP: 44/46
 35162 | Swamp:1  | Identified the +1 robe of Happy Babbling {Str+6 Archmagi}
 35903 | Swamp:3  | Found a frozen archway.
 35911 | IceCv    | Entered an ice cave
 36268 | Swamp:3  | Found an iron altar of Okawaru.
 36567 | Swamp:4  | Entered Level 4 of the Swamp
 37174 | Swamp:4  | Reached skill level 5 in Evocations
 37283 | Swamp:4  | Got a decaying rune of Zot
 37476 | Slime:1  | Entered Level 1 of the Pits of Slime
 37867 | Slime:4  | Reached XP level 20. HP: 122/122 MP: 48/48
 38112 | Slime:5  | Entered Level 5 of the Pits of Slime
 38141 | Slime:5  | Noticed the Royal Jelly
 38144 | Slime:5  | Killed the Royal Jelly
 38236 | Slime:5  | Identified the +4 leather armour of Kahiceyk {rC- Dex+2
                  | SInv}
 38303 | Slime:5  | Identified the +5 long sword of Ashenzari's Envy {protect,
                  | rF+ rN+ Int-4}
 38384 | Slime:5  | Identified the +9 broad axe of Okawaru, Holding {pain, rC+
                  | SInv}
 38386 | Slime:5  | Got a slimy rune of Zot
 38402 | Slime:5  | Identified the staff of the Screaming Fool {+Blink rElec
                  | rPois Dex-4 Stlth+ Air}
 38446 | Slime:5  | Identified the ring "Miso" {rN+ Int+6 SInv}
 38905 | Vaults:1 | Entered Level 1 of the Vaults
 39891 | Vaults:1 | Identified the ring "Wezekoa" {rCorr Dex+5} (You took it
                  | off an ironbound preserver on level 1 of the Vaults)
 40218 | Vaults:1 | Noticed Asterion
 40221 | Vaults:1 | Killed Asterion
 40231 | Vaults:1 | Found Coanwuss's Weapon Boutique.
 40251 | Vaults:1 | You fall into a shaft and drop 1 floor!
 40415 | Vaults:1 | Identified the +10 arbalest "Abuimogo" {freeze, rPois rF-
                  | Int+3}
 40524 | Vaults:2 | Noticed Nikola
 40525 | Vaults:2 | Killed Nikola
 40526 | Vaults:2 | Reached XP level 21. HP: 130/130 MP: 50/50
 40554 | Vaults:2 | Identified the staff of the Pillar {rPois Int+2 Poison}
 40559 | Vaults:2 | Found the +8 storm bow {elec, penet}
 40564 | Vaults:2 | Identified the staff of Tuffets {rPois Will+ Int+2 Poison}
 40613 | Vaults:2 | Found Ushrarivo's Book Shop.
 40665 | Vaults:2 | Reached skill level 1 in Air Magic
 40715 | Vaults:2 | Found a staircase to the Crypt.
 41659 | Vaults:3 | Reached skill level 5 in Air Magic
 42112 | Vaults:3 | Found a runed translucent gate.
 42112 | Vaults:3 | Found a runed translucent gate.
 42113 | Vaults:3 | Found a runed translucent gate.
 42113 | Vaults:3 | Noticed Xihuodghy's ghost (adept MiBe)
 42115 | Vaults:3 | Found an iron altar of Okawaru.
 42123 | Vaults:3 | Killed Xihuodghy's ghost
 42203 | Vaults:3 | Noticed Margery
 42206 | Vaults:3 | Killed Margery
 42829 | Vaults:4 | Noticed Norris
 42829 | Vaults:4 | Killed Norris
 43050 | Vaults:4 | Reached XP level 22. HP: 138/138 MP: 52/52
 43401 | Vaults:4 | Found Avuuxkuycwu's Antique Weapon Shoppe.
 43557 | Vaults:4 | Reached skill level 10 in Air Magic
 43817 | Vaults:4 | Learned a level 1 spell: Apportation
 44071 | Vaults:5 | Entered Level 5 of the Vaults
 44072 | Vaults:5 | Noticed a dread lich
 44073 | Vaults:5 | Noticed a dread lich
 44075 | Vaults:5 | Killed a dread lich
 44077 | Vaults:5 | Killed a dread lich
 44078 | Vaults:5 | Reached skill level 15 in Fighting
 44108 | Vaults:5 | Noticed a golden dragon
 44111 | Vaults:5 | Killed a golden dragon
 44177 | Vaults:5 | Noticed Mennas
 44180 | Vaults:5 | Killed Mennas
 44182 | Vaults:5 | Noticed Frederick
 44183 | Vaults:5 | Killed Frederick
 44310 | Vaults:5 | Identified the ring "Ziaklesojo" {*Corrode Drain +Blink
                  | Will+++ Str+6}
 44318 | Vaults:5 | Identified the ring "Virghukh" {rC+ EV+5}
 44340 | Vaults:5 | Noticed a golden dragon
 44342 | Vaults:5 | Killed a golden dragon
 44344 | Vaults:5 | Killed a golden dragon
 44363 | Vaults:5 | Reached XP level 23. HP: 144/144 MP: 45/53
 44506 | Vaults:5 | Got a silver rune of Zot
 44590 | Vaults:5 | Reached skill level 15 in Air Magic
 44728 | Vaults:5 | Learned a level 9 spell: Chain Lightning
 44761 | Vaults:5 | Identified the staff of Pamupp {rPois Will+ Air Poison}
 44981 | Vaults:5 | Found Vaibihui's Armour Shop.
 45099 | Vaults:5 | Learned a level 9 spell: Shatter
 45436 | Crypt:1  | Entered Level 1 of the Crypt
 45505 | Crypt:1  | Found a magical portal.
 45565 | WizLab   | Entered Lehudib's Moon Base
 45635 | WizLab   | Found a transporter.
 45950 | WizLab   | Identified the ring of Fiomoa {rPois rC++}
 46174 | WizLab   | Found a transporter.
 46572 | WizLab   | Got Lehudib's Excursus on Wild Stones
 46604 | WizLab   | Identified the +6 war axe of the Wraith {speed, rPois rN++
                  | Will+++ Stlth-}
 46606 | WizLab   | Got Kaexores's Codex of Lofty Frost
 46614 | WizLab   | Identified the +11 mace of the Eternal Void {flame, rF+}
 46615 | WizLab   | Identified the amulet "Gaudd" {Spirit Regen+ Dex+2}
 46855 | Crypt:1  | Reached skill level 1 in Shapeshifting
 47100 | Crypt:1  | Found a runed translucent gate.
 47100 | Crypt:1  | Found a runed translucent gate.
 47100 | Crypt:1  | Found an opulent altar of Gozag.
 47100 | Crypt:1  | Noticed Woadakig's ghost (veteran FoFi)
 47102 | Crypt:1  | Found a runed translucent gate.
 47114 | Crypt:1  | Killed Woadakig's ghost
 47609 | Crypt:2  | Reached skill level 5 in Armour
 47615 | Crypt:2  | Reached skill level 5 in Shapeshifting
 47625 | Crypt:2  | Killed Josephina
 47743 | Crypt:2  | Identified the ring "Rayxtil" {Ice Will+ Slay+2} (You took
                  | it off Josephina on level 2 of the Crypt)
 47820 | Crypt:2  | Reached XP level 24. HP: 150/150 MP: 53/53
 47889 | Crypt:2  | Noticed an ancient lich
 47891 | Crypt:2  | Killed an ancient lich
 47904 | Crypt:2  | Found the +6 Majin-Bo {spellvamp, MP+6 Int+6}
 48023 | Crypt:2  | Identified the staff of the Scavenger {Fragile Fly rPois
                  | Dex+3 Poison}
 48343 | Crypt:3  | Entered Level 3 of the Crypt
 48492 | Crypt:3  | Noticed Zenata
 48493 | Crypt:3  | Killed Zenata
 48701 | Crypt:3  | Found a staircase to the Tomb.
 48713 | Crypt:3  | Noticed Sojobo
 48715 | Crypt:3  | Killed Sojobo
 48815 | Crypt:3  | Noticed an ancient lich
 48819 | Crypt:3  | Killed an ancient lich
 48952 | Crypt:3  | Found an ancient bone altar of Kikubaaqudgha.
 49115 | Crypt:3  | Noticed Saint Roka
 49117 | Crypt:3  | Killed Saint Roka
 49118 | Crypt:3  | Reached skill level 10 in Shapeshifting
 49245 | Crypt:3  | Identified the +1 pair of gloves of Eternity {Rampage
                  | Stlth+}
 49248 | Crypt:3  | Identified the +12 rapier of Ash {freeze, rPois rF++ rC-
                  | Int+2}
 49341 | Crypt:3  | Got the Catalogue of Malignant Liturgies
 49347 | Crypt:3  | Identified the +1 pair of gloves of the Devil {rPois rN+
                  | Will- rCorr}
 49349 | Crypt:3  | Got the Tome of the Deep Freeze
 49350 | Crypt:3  | Identified the staff of Blood {rElec Int+4 Stlth+ Air}
 49851 | Depths:1 | Entered Level 1 of the Depths
 49918 | Depths:1 | Reached skill level 15 in Dodging
 49929 | Depths:1 | Found a one-way gateway to a ziggurat.
 50167 | Depths:1 | Found a radiant altar of Vehumet.
 50336 | Depths:1 | Found a gateway to Hell.
 50722 | Depths:2 | Found a one-way gate leading to the halls of Pandemonium.
 50725 | Depths:2 | Reached XP level 25. HP: 155/155 MP: 53/53
 50817 | Depths:2 | Identified the ring "Tadghaif" {Str+4 Int+2 Dex+6}
 50849 | Depths:2 | Reached skill level 15 in Shapeshifting
 50896 | Depths:2 | Identified the amulet "Azighuyl" {RegenMP rF+ rN+ Dex+3}
 50906 | Depths:2 | Identified the ring "Piumeos" {Ice rElec rPois MP-9 Int+3}
 51015 | Depths:2 | Identified the ring "Mitruoq" {rPois Int+3}
 51028 | Depths:2 | Found a runed translucent door.
 51028 | Depths:2 | Found a runed translucent door.
 51174 | Depths:2 | Identified the +0 leather armour of Too Many Cooks {Rampage
                  | Str+4 Dex-3}
 51417 | Depths:2 | Found a glowing silver altar of Zin.
 51577 | Depths:3 | Found a burning altar of Makhleb.
 51577 | Depths:3 | Found a one-way gate to the infinite horrors of the Abyss.
 51625 | Depths:3 | Noticed Vv
 51630 | Depths:3 | Killed Vv
 51684 | Depths:3 | Found the +8 demon trident "Rift" {distort, reach+}
 51918 | Depths:3 | Found a portal to a secret trove of treasure.
 51959 | Depths:3 | You paid a toll of 5 scrolls of fear to enter a treasure
                  | trove
 51960 | Trove    | Entered a treasure trove
 51969 | Trove    | Identified the staff "Vuhorchijoxo" {Conj Hexes}
 52428 | Depths:3 | Found a shadowy altar of Dithmenos.
 52694 | Depths:4 | Entered Level 4 of the Depths
 53466 | Depths:4 | Reached XP level 26. HP: 146/160 MP: 53/53
 53483 | Depths:4 | Found a gate to the Realm of Zot.
 53919 | Zig:1    | Entered Level 1 of a ziggurat
 53944 | Zig:2    | Entered Level 2 of a ziggurat
 53964 | Zig:3    | Entered Level 3 of a ziggurat
 53988 | Zig:4    | Entered Level 4 of a ziggurat
 54011 | Zig:5    | Entered Level 5 of a ziggurat
 54045 | Zig:5    | Got the Directory of Assaults
 54056 | Zig:6    | Entered Level 6 of a ziggurat
 54062 | Zig:6    | Found the +7 lajatang of Order {silver, rMut}
 54074 | Zig:6    | Identified the +1 great sword "Ziclit" {heavy, rF+ rC+
                  | Str+3 Stlth+}
 54095 | Zig:7    | Entered Level 7 of a ziggurat
 54179 | Zig:8    | Entered Level 8 of a ziggurat
 54209 | Zig:8    | Identified the +5 falchion of Fury {drain, rC- Int+5 Dex+2}
 54222 | Zig:9    | Entered Level 9 of a ziggurat
 54358 | Zig:10   | Entered Level 10 of a ziggurat
 54390 | Zig:10   | Identified the +6 falchion of the Forsaken Beds {pain,
                  | rPois Will+ Int+4}
 54399 | Zig:11   | Entered Level 11 of a ziggurat
 54407 | Zig:11   | Noticed a royal mummy
 54407 | Zig:11   | Noticed a royal mummy
 54420 | Zig:11   | Killed a royal mummy
 54422 | Zig:11   | Noticed a royal mummy
 54424 | Zig:11   | Killed a royal mummy
 54426 | Zig:11   | Killed a royal mummy
 54437 | Zig:11   | Found the +8 whip "Snakebite" {venom, curare, rPois}
 54460 | Zig:11   | Identified the +5 battleaxe "Ynimewuc" {heavy, Stlth+}
 54478 | Zig:11   | Reached XP level 27. HP: 150/165 MP: 53/53
 54487 | Zig:12   | Entered Level 12 of a ziggurat
 54493 | Zig:12   | Noticed Wixaecloto the pandemonium lord
 54493 | Zig:12   | Noticed Uvir the pandemonium lord
 54494 | Zig:12   | Noticed Puogeufime the pandemonium lord
 54494 | Zig:12   | Noticed Mior the pandemonium lord
 54498 | Zig:12   | Killed Puogeufime the pandemonium lord
 54499 | Zig:12   | Killed Wixaecloto the pandemonium lord
 54505 | Zig:12   | Blown up by Mior the pandemonium lord

Illustrated notes

Levels and vault maps discovered:
D:1:      lightli_arrival_isolated_outpost, layout_basic,
          basic_ecumenical_altar, serial_shops, shop, nicolae_square_shop
D:2:      layout_basic, st_stairs_13, minmay_lizard_pond
D:3:      layout_basic, tso_metal_star, fedhas_altar_3, general_overflow_altar,
          uniq_crazy_yiuf_cottage, uniq_sigmund
D:4:      minmay_diamond_boxcup, layout_loops_ring, marbit_many_paths,
          mainiacjoe_overflow_divided_tiny
D:5:      layout_loops_cross, mainiacjoe_overflow_six_doors_small,
          minmay_temple_entry_statues_pillars, kennysheep_generic_room_12
D:6:      layout_loops_cross, mainiacjoe_overflow_paths,
          minmay_increasing_density, uniq_menkaure, uniq_edmund
D:7:      layout_basic, uniq_jeremiah
D:8:      layout_basic, david_defended_altar_orc
D:9:      layout_basic, nicolae_yredelemnul_corpse_copse, lair_entry_dummy,
          nicolae_where_there's_smoke
D:10:     layout_rooms, david_orc_3, special_room [special_room_bee],
          kennysheep_opposing_triangles
D:11:     layout_roguey, serial_shops, shop, nicolae_shop_gibbet_a_chance,
          nicolae_shop_tiny_waterfront, shop, serial_corexii_hall,
          chequers_hall_statues_wall_a, chequers_hall_statues_y, uniq_snorg,
          uniq_maurice
D:12:     layout_irregular_city, grunt_ministairs_5,
          nemelex_lonely_heart_becter, uniq_sonja, uniq_fannar, uniq_nergalle
D:13:     layout_basic, grunt_vaults_entry_tiered
D:14:     layout_cave_pods
D:15:     gammafunk_enter_depths_forms, layout_gridville,
          pdpol_wu_jian_five_deadly_venoms, hangedman_decor_peaks_small,
          grunt_decor_junction, nicolae_shop_i_like_small_books_too
Temple:   dshaligram_water_room_temple
Lair:1:   layout_cave_pods, cheibrodos_lair_caveside_slide
Lair:2:   layout_regular_city, nicolae_swamp_entry_spooky,
          minmay_snake_entry_guardpost_medium, basic_altar
Lair:3:   layout_gridlike, pond, lemuel_fruit_tree, lemuel_fruit_fields,
          uniq_rupert
Lair:4:   layout_regular_city, minmay_slime_entry_oklob_open,
          gauntlet_entry_generic, hellmonk_guarded_unrand_vines,
          grunt_megastairs_4
Lair:5:   minmay_lair_end_frog_pond, layout_cave_pods, st_stairs_12, uniq_urug
Swamp:1:  layout_basic_swamp, evilmike_swamp_ruin_house_2, swamp_pool_5,
          nicolae_swamp_spooky_pond
Swamp:2:  layout_falls_marsh, infiniplex_staircase_pool,
          nicolae_swamp_decorative_isthmus
Swamp:3:  layout_falls_marsh, portal_ice_cave_entry_dragon,
          nicolae_swamp_godswood, swamp_pool_1_2
Swamp:4:  swamp_vile, layout_basic_swamp, kb_tengu_band
Snake:1:  layout_onion_interference, nicolae_custom_books, serial_bayou_shore_a,
          minmay_shop_grove
Snake:2:  layout_rooms, gammafunk_ghost_necromancy, uniq_vashnia
Snake:3:  layout_misc_corridors, basic_altar, serial_shops,
          nicolae_shop_back_alley_shop, uniq_roxanne
Snake:4:  grunt_snake_rune_spirals, layout_onion, drop_trap, uniq_aizul,
          uniq_mara
Slime:1:  layout_caves
Slime:2:  layout_caves, nicolae_slime_getting_an_eyeful
Slime:3:  layout_caves
Slime:4:  layout_caves, cheibrodos_slime_lost_civilization_6
Slime:5:  slime_pit_nicolae_inversion
Orc:1:    layout_diamond_mine, serial_shops, nicolae_diamond_shop,
          nicolae_orc_pool_cavern, uniq_erolcha
Orc:2:    grunt_orc_tribal_feast, layout_caves, uniq_jorgrun
Elf:1:    eino_elf_arrival_shootout, layout_geoelf_grid,
          kennysheep_underground_church
Elf:2:    nicolae_elf_blades_crystal_corner, layout_loops_cross, serial_shops,
          nicolae_shop_crystal, nicolae_elf_big_sculpture_3, minivault_5,
          st_stairs_8
Elf:3:    elf_hall, layout_geoelf_grid, minivault_24, drop_trap,
          dreamdust_deal_with_the_devil, minmay_shop_star
Vaults:1: nicolae_vaults_windows_and_doors_thing,
          nicolae_vaults_trapezoid_lopsided_2, grunt_vaults_hallway_short,
          nicolae_vaults_closet_pinwheel_2, st_greater_box_4, vaults_dpeg_doors,
          vaults_room_fancy_cross, nicolae_vaults_yaktaur_gun_rack,
          vaults_dpeg_hooks, layout_vaults_omnibox, serial_shops,
          nicolae_shop_waterfront, uniq_asterion
Vaults:2: v_misc_26, vaults_dpeg_diagonal, nicolae_vaults_trapezoid_lopsided_2,
          nicolae_vaults_offset_grid_hallway_3,
          minmay_guarded_unrand_secular_launcher, v_misc_5,
          nicolae_vaults_big_angled_halls, ontoclasm_vaults_misaligned,
          nicolae_vaults_little_ls, ontoclasm_vaults_idyll,
          blue_anna_dwarven_crypt, layout_vaults_ring, serial_shops,
          nicolae_book_shop_shelving, uniq_nikola
Vaults:3: gammafunk_ghost_fury_of_okawaru, nicolae_vaults_sealed_display,
          hangedman_vaults_pinch, nicolae_vaults_little_squares_1,
          vaults_mumra_hexcomb, nicolae_vaults_double_plus_2, v_pattern_1,
          dpeg_vaults_waves, ontoclasm_vaults_eye, ontoclasm_vaults_ring_large,
          hangedman_vaults_corner_blocks, dpeg_vaults_monster_row,
          ontoclasm_vaults_idyll, nicolae_vaults_tetromino_L_1,
          layout_vaults_big_room, uniq_margery
Vaults:4: nicolae_vaults_shipping_containers_5, nicolae_vaults_alarming,
          v_misc_24, nicolae_vaults_ellipses_ellipsis, serial_ice_h,
          nicolae_vaults_stairing_the_circle, v_alt_pattern_1,
          hangedman_vaults_nails, nicolae_vaults_more_shelving_1,
          nicolae_vaults_trapezoid_lopsided_1,
          nicolae_vaults_trapezoid_lopsided_3, nicolae_vaults_mini_display_case,
          layout_vaults_maze_snakey, serial_shops, nicolae_shop_tiny_glass,
          uniq_norris
Vaults:5: serial_shops, uniq_mennas, uniq_frederick
Crypt:1:  layout_gridlike, infiniplex_enter_wizlab_water, ebering_ghost_gozag,
          nicolae_crypt_soggy_tomb, grunt_crypt_arrival_split
Crypt:2:  minmay_guarded_unrand_majin_bo, layout_chaotic_city,
          serial_library_hellmonk_semicircle, st_burial_chamber, uniq_josephina
Crypt:3:  church_of_pain_bobbens, layout_chaotic_city,
          tomb_entry_simple_bobbens, minivault_27, uniq_zenata, uniq_saint_roka,
          uniq_sojobo
Depths:1: minmay_blocking_statues, layout_twisted_cross, enter_ziggurat_b,
          hangedman_coc_ice_floe, grunt_ministairs_12, minmay_holes,
          nicolae_vehumet_altar_sigil
Depths:2: minmay_the_grid_triangle_9x9_recursive_2
          [minmay_the_grid_triangle_9x9_prize_special,
          minmay_the_grid_triangle_9x9_dagger,
          minmay_the_grid_triangle_9x9_tough_junction,
          minmay_the_grid_triangle_9x9_sparse_checkered], layout_cross,
          pan_entry, grunt_hell_horde, zin_angel
Depths:3: regret_index_makhleb_lecture_halls, layout_gridlike, hell_entry,
          enter_trove_1, nicolae_dithmenos_through_a_glass_darkly, abyss_entry,
          uniq_vv
Depths:4: evilmike_zot_entry_gauntlet, layout_gridlike, hell_entry,
          abyss_entry_glasseish, feat_on_display
Zig:12

Skill      XL: |  1  2  3  4  5  6  7  8  9 10 11 12 13 14 15 16 17 18 19 20 21 22 23 24 25 26 |
---------------+-------------------------------------------------------------------------------+-----
Fire Magic     | 4 5 6 10 14 18 19 20 | 20.0
Conjurations   | 2 3 4 5 7 9 12 14 15 16 17 19 20 22 23 24 | 24.0
Spellcasting   | 4 5 7 8 10 11 13 14 16 18 19 21 22 23 24 | 24.0
Transmutations | 1 2 |  2.0
Hexes          | 4 |  4.0
Translocations | 2 |  2.0
Fighting       | 2 3 5 6 7 8 9 11 12 13 14 15 | 15.0
Dodging        | 4 5 6 8 9 10 12 15 | 15.0
Armour         | 2 4 5 6 |  6.0
Earth Magic    | 2 |  2.0
Necromancy     | 3 5 7 |  7.0
Evocations     | 1 5 |  5.0
Air Magic      | 8 14 18 | 18.0
Shapeshifting  | 5 13 19 22 | 22.8
Stealth        | |  2.4

Action                     |  1- 3 |  4- 6 |  7- 9 | 10-12 | 13-15 | 16-18 | 19-21 | 22-24 | 25-27 || total
---------------------------+-------+-------+-------+-------+-------+-------+-------+-------+-------++-------
  Melee: Dagger            |       |     1 |     4 |       |       |       |       |       |       ||     5
         Short sword       |       |       |    14 |     8 |       |       |       |       |       ||    22
         Staff             |       |       |       |     7 |    10 |       |       |     5 |       ||    22
         Rapier            |       |       |       |       |     4 |       |       |       |       ||     4
  Throw: Dart              |       |     1 |       |     4 |     3 |       |       |       |       ||     8
   Cast: Foxfire           |    16 |     2 |     1 |     2 |       |       |       |       |       ||    21
         Scorch            |    35 |    58 |   101 |    55 |     6 |       |       |       |       ||   255
         Flame Wave        |       |     1 |     3 |       |       |       |       |       |       ||     4
         Fulminant Prism   |       |       |    31 |   126 |    66 |       |       |       |       ||   223
         Iskenderun's Myst |       |       |     5 |    68 |    97 |    28 |    28 |    11 |     5 ||   242
         Irradiate         |       |       |     2 |       |       |       |       |       |       ||     2
         Stone Arrow       |       |       |       |    17 |    72 |     8 |       |       |       ||    97
         Freezing Cloud    |       |       |       |     6 |    60 |     2 |       |       |       ||    68
         Ignition          |       |       |       |       |    68 |    64 |    16 |     1 |       ||   149
         Fireball          |       |       |       |       |    10 |   155 |     2 |     3 |     1 ||   171
         Bombard           |       |       |       |       |     5 |    26 |     1 |       |       ||    32
         Orb of Destructio |       |       |       |       |     5 |     3 |       |       |     1 ||     9
         Call Imp          |       |       |       |       |     3 |    25 |       |       |       ||    28
         Sublimation of Bl |       |       |       |       |     1 |    83 |    72 |    62 |    29 ||   247
         Fire Storm        |       |       |       |       |       |   107 |   297 |   352 |   184 ||   940
         Apportation       |       |       |       |       |       |       |       |     2 |       ||     2
         Chain Lightning   |       |       |       |       |       |       |       |     8 |     5 ||    13
Ability: Begin Untransform |       |       |       |       |       |       |       |       |     1 ||     1
  Evoke: Wand              |       |     4 |     5 |     8 |     1 |       |     3 |       |       ||    21
    Use: Potion            |     2 |       |       |     2 |     3 |     3 |       |     1 |     1 ||    12
         Scroll            |     1 |     5 |     5 |    12 |     8 |    11 |     3 |     5 |     9 ||    59
   Stab: Sleeping          |       |       |     2 |       |       |       |       |       |       ||     2
 Armour: Robe              |    15 |     6 |    25 |    56 |     1 |    17 |     7 |    18 |    32 ||   177
         Acid dragon scale |       |       |       |    20 |    60 |       |       |       |       ||    80
         Swamp dragon scal |       |       |       |       |       |    31 |       |       |       ||    31
  Dodge: Dodged            |    20 |    11 |    24 |   130 |    67 |    35 |    13 |    16 |     9 ||   325
  Block: Other             |     8 |     6 |     3 |       |       |       |       |       |       ||    17
         Reflection        |     2 |       |       |       |       |       |       |       |       ||     2
   Form: Death             |       |       |       |       |       |       |       |       |     2 ||     2

Table legend: (Time is in decaauts)
 A = Elapsed time spent in this place.
 B = Non-inter-level travel time spent in this place.
 C = Inter-level travel time spent in this place.
 D = Time resting spent in this place.
 E = Time spent auto-exploring this place.
 F = Levels seen in this place.
 G = Mean time per level.
                   A        B        C        D        E       F      G
               +--------+--------+--------+--------+--------+-----+--------+
         Total |  54823 |  51706 |   3117 |   4569 |  35035 |  67 |  818.3 |
       Dungeon |  18992 |  17893 |   1099 |   2484 |  11544 |  15 | 1266.1 |
        Temple |     21 |     21 |      0 |      0 |      0 |   1 |   21.0 |
          Lair |   5867 |   5380 |    487 |    377 |   3919 |   5 | 1173.4 |
         Swamp |   2636 |   2507 |    129 |      0 |   2071 |   4 |  659.0 |
     Snake Pit |   4558 |   4320 |    238 |    690 |   2674 |   4 | 1139.5 |
    Slime Pits |   1219 |   1136 |     83 |    163 |    508 |   5 |  243.8 |
  Orcish Mines |   1970 |   1820 |    150 |    145 |   1354 |   2 |  985.0 |
   Elven Halls |   3365 |   3152 |    213 |    152 |   1910 |   3 | 1121.7 |
        Vaults |   6600 |   6190 |    410 |    241 |   4808 |   5 | 1320.0 |
         Crypt |   3201 |   3088 |    113 |     17 |   2414 |   3 | 1067.0 |
        Depths |   4015 |   3822 |    193 |      0 |   3093 |   4 | 1003.8 |
      Ziggurat |    605 |    605 |      0 |    154 |      5 |  12 |   50.4 |
         Trove |     51 |     51 |      0 |      0 |      0 |   1 |   51.0 |
      Ice Cave |    132 |    132 |      0 |      0 |      0 |   1 |  132.0 |
        Wizlab |   1059 |   1059 |      0 |      0 |    666 |   1 | 1059.0 |
      Gauntlet |    526 |    526 |      0 |    146 |     67 |   1 |  526.0 |
               +--------+--------+--------+--------+--------+-----+--------+

Top non-repeatable levels by time:
     D:9: 2330 daAuts
 Snake:4: 1858 daAuts
     D:5: 1637 daAuts
    D:15: 1566 daAuts
Vaults:1: 1528 daAuts
     D:3: 1451 daAuts
  Lair:2: 1449 daAuts
  Lair:5: 1412 daAuts
     D:6: 1394 daAuts
    D:13: 1335 daAuts
Vaults:4: 1306 daAuts
  Lair:4: 1297 daAuts
 Crypt:3: 1289 daAuts
Vaults:3: 1271 daAuts
Vaults:5: 1260 daAuts
